 Dungeon Crawl Stone Soup version 0.30-a0-879-ga8ba668304 (webtiles) character file.

Game seed: 2690259124000843834

5 Maxmaps the Cudgeller (level 1, -8/16 HPs)
             Began as a Demonspawn Gladiator on Mar 14, 2023.
             Mangled by a gnoll
             ... wielding a +0 flail
              (10 damage)
             ... on level 1 of the Dungeon.
             The game lasted 00:00:10 (80 turns).

Maxmaps the Cudgeller (Demonspawn Gladiator)          Turns: 80, Time: 00:00:11

Health: -8/16      AC:  4    Str: 14    XL:     1   Next: 66%
Magic:  1/1        EV: 12    Int:  9    God:
Gold:   19         SH:  0    Dex: 14    Spells: 0/0 levels left

rFire   . . .      SeeInvis .    a - +0 flail
rCold   . . .      Faith    .    (no shield)
rNeg    . . .      Spirit   .    b - +0 leather armour
rPois   .          Reflect  .    c - +0 helmet
rElec   .          Rampage  .    (no cloak)
rCorr   .                        (no gloves)
Will    .....                    (no boots)
Stlth   +                        (no amulet)
HPRegen 0.22/turn                (no ring)
MPRegen 0.07/turn                (no ring)

@: no status effects
A: no striking features
a: no special abilities


You were on level 1 of the Dungeon.
You visited 1 branch of the dungeon, and saw 1 of its levels.

You collected 19 gold pieces.

Inventory:

Hand Weapons
 a - a +0 flail (weapon)
Missiles
 d - 3 throwing nets (quivered)
 e - a javelin
Armour
 b - a +0 leather armour (worn)
 c - a +0 helmet (worn)
Scrolls
 f - a scroll of poison {unknown}
Potions
 g - a potion of attraction {unknown}


   Skills:
 + Level 2.1 Fighting
 + Level 2.8 Maces & Flails
 + Level 1.8 Throwing
 + Level 2.7 Dodging


You couldn't memorise any spells.
You didn't know any spells.
Your spell library was empty.

Dungeon Overview and Level Annotations

Branches:
Dungeon (1/15)

Altars:


Message History

You miss the frilled lizard. The frilled lizard bites you.
The frilled lizard barely misses you.
You hit the frilled lizard.
You kill the frilled lizard!
No target in view!
Unknown command.
Things that are here:
a frilled lizard corpse; a rat corpse
g - a clear potion You now have 19 gold pieces.
A gnoll comes into view. It is wielding a +0 flail.
The gnoll shouts!
A hobgoblin comes into view.
The gnoll moves out of view.
The hobgoblin shouts!
There are monsters nearby!
There are monsters nearby!
Found a hand axe.
A rat comes into view.
You swing at nothing.
You closely miss the hobgoblin. The hobgoblin hits you.
You hit the hobgoblin.
The hobgoblin is heavily wounded.
The hobgoblin hits you but does no damage.
The hobgoblin hits you.
You hit the hobgoblin.
You kill the hobgoblin!
You barely miss the gnoll. The gnoll closely misses you.
You hit the gnoll but do no damage. Your punch misses the gnoll.
The gnoll closely misses you.
You hit the gnoll.
The gnoll is heavily wounded.
The gnoll misses you. The gnoll hits you with a +0 flail!
Ouch! That really hurt!
* * * LOW HITPOINT WARNING * * *
You hit the gnoll but do no damage.
The gnoll is heavily wounded.
The gnoll hits you with a +0 flail!
Ouch! That really hurt!
You die...

#####.#.#.#. #
##....#.#.#.#
##..........#.#..
#.##.#..#........ ##
..#...........### ..
#.#..##.#.###.# #.
#.#..##.#.###.#
##.#..###.#....>......#
......rg@.#.#######.###
##.....##.....#####.#
#####. #.......†...# #.
#......####.# #)
#......####.# #.
#[.....#....# #.
######.#.##.# .. #.#
#.# ... ..#


You could see a gnoll and a rat.

Vanquished Creatures
  A dart slug (D:1)
  A hobgoblin (D:1)
  A frilled lizard (D:1)
  A rat (D:1)
4 creatures vanquished.

Notes
Turn   | Place    | Note
-------+----------+-------------------------------------------
     0 | D:1      | Maxmaps the Demonspawn Gladiator began the quest for the
                  | Orb.
     0 | D:1      | Reached XP level 1. HP: 16/16 MP: 1/1
    80 | D:1      | Mangled by a gnoll

Illustrated notes

Levels and vault maps discovered:
D:1:      lightli_arrival_chessboard, layout_loops_cross

Action                     || total
---------------------------++-------
  Melee: Flail             ||    15
 Armour: Leather armour    ||     5
  Dodge: Dodged            ||     8

Table legend: (Time is in decaauts)
 A = Elapsed time spent in this place.
 B = Non-inter-level travel time spent in this place.
 C = Inter-level travel time spent in this place.
 D = Time resting spent in this place.
 E = Time spent auto-exploring this place.
 F = Levels seen in this place.
 G = Mean time per level.
                   A        B        C        D        E       F      G
               +--------+--------+--------+--------+--------+-----+--------+
         Total |     84 |     84 |      0 |      0 |     42 |   1 |   84.0 |
       Dungeon |     84 |     84 |      0 |      0 |     42 |   1 |   84.0 |
               +--------+--------+--------+--------+--------+-----+--------+

Top non-repeatable levels by time:
     D:1: 84 daAuts
